Map: Vigília Leste LE

Players

Luis

  • Race: Terran Terran
  • League: Silver
  • Spawn Location: 1:00

IagoAbreu - Winner!

  • Race: Zerg Zerg
  • League: Gold
  • Spawn Location: 7:00

VOD

Have the link to the VOD?

Description

Time

  • Played on: April 8, 2018, 3:09 p.m.
  • Length: 19:06
Show
View Real Time Build Order
Export as new Build Order

Luis Terran 

Build Orders: MMM Bio 

Get SALT Encoding   

  12  0:01  SCV  
  13  0:15  SCV  
  13  0:21  Supply Depot  
  14  0:27  SCV  
  15  0:34  Refinery  
  15  0:46  Barracks  
  15  0:47  SCV  
  16  0:59  SCV  
  17  1:15  SCV  
  18  1:28  SCV  
  18  1:31  Supply Depot  
  19  1:38  Supply Depot  
  19  1:44  Command Center  
  19  1:46  SCV  
  20  2:00  SCV  
  21  2:06  Barracks Reactor  
  21  2:21  Orbital Command  
  21  2:25  Refinery  
  21  2:34  Engineering Bay  
  21  2:41  Barracks  
  21  2:49  SCV  
  22  2:59  Marine x2  
  22  3:05  SCV  
  25  3:11  SCV  
  26  3:17  Marine x2, SCV  
  29  3:25  Factory  
  29  3:32  Barracks Tech Lab  
  29  3:34  Marine  
  29  3:35  Marine  
  31  3:42  Refinery  
  31  3:45  SCV  
  32  3:48  SCV  
  33  3:57  SCV  
  33  4:00  SCV  
  35  4:09  SCV  
  36  4:10  Factory Tech Lab  
  36  4:12  SCV  
  36  4:13  Factory  
  37  4:25  SCV  
  38  4:31  SCV  
  38  4:32  Refinery  
  38  4:37  SCV  
  40  4:43  SCV  
  41  4:49  Marine x3, SCV  
  45  4:53  Combat Shields  
  45  4:56  SCV  
  46  5:01  SCV  
  46  5:03  Factory Tech Lab  
  46  5:06  Marine x2  
  46  5:07  Marine  
  49  5:08  SCV  
  49  5:09  Factory  
  51  5:15  SCV  
  51  5:20  SCV  
  53  5:24  Marine  
  54  5:40  Command Center  
  54  5:57  Marine, SCV, Siege Tank x2  
  54  5:58  Marine  
  54  6:01  Orbital Command  
  61  6:12  Stimpack  
  61  6:16  Marine  
  61  6:17  Marine x2  
  45  6:44  Orbital Command  
  45  7:00  Marine x2  
  45  7:01  Marine  
  48  7:04  Factory Tech Lab  
  48  7:12  SCV  
  48  7:15  SCV  
  50  7:18  Marine x3  
  50  7:19  SCV  
  54  7:24  SCV  
  54  7:27  SCV  
  56  7:31  SCV  
  56  7:36  SCV  
  58  7:38  Armory  
  58  7:39  SCV  
  58  7:44  SCV  
  60  7:48  SCV  
  61  7:51  SCV  
  61  7:56  SCV  
  63  7:59  Command Center  
  63  8:00  SCV  
  63  8:03  SCV  
  65  8:08  SCV  
  65  8:12  SCV  
  67  8:15  SCV  
  68  8:20  SCV  
  68  8:24  SCV  
  82  8:28  SCV  
  82  8:32  SCV  
  84  8:34  Supply Depot  
  84  8:37  SCV  
  85  8:55  SCV x3  
  72  9:08  SCV  
  57  9:18  Marine x3  
  60  9:35  Marine  
  60  9:36  Marine x2  
  53  10:19  Marine x3  
  56  10:37  Marine x3  
  56  10:42  Factory Tech Lab  
  59  10:45  Factory Tech Lab  
  59  10:50  Factory Tech Lab  
  59  10:51  Armory  
  59  10:53  Supply Depot  
  59  10:54  Marine x2  
  59  10:55  Marine  
  62  11:00  SCV, Barracks  
  63  11:12  SCV  
  63  11:15  Unknown  
  64  11:21  Siege Tank x3  
  64  11:24  SCV  
  74  11:36  SCV  
  75  11:40  Command Center  
  75  11:48  SCV  
  75  11:49  Marine x3  
  73  12:07  Marine x3  
  76  12:09  Thor x2  
  88  12:19  Supply Depot, Thor  
  88  12:20  Supply Depot  
  88  12:21  Supply Depot x2  
  93  12:24  Supply Depot  
  93  12:25  Marine x3, Supply Depot  
  93  12:27  Supply Depot  
  93  12:28  Supply Depot  
  92  12:32  Refinery  
  92  12:34  Refinery  
  82  12:41  SCV, Refinery  
  72  12:52  Thor x2  
  72  12:53  SCV  
  71  13:05  SCV  
  71  13:08  Thor  
  63  13:14  SCV  
  63  13:17  SCV  
  65  13:26  SCV  
  66  13:29  SCV  
  67  13:35  Thor  
  67  13:38  SCV  
  67  13:40  Supply Depot x2  
  74  13:42  Supply Depot  
  74  13:44  Supply Depot  
  68  13:50  SCV  
  57  14:02  SCV  
  43  14:09  Siege Tank  
  46  14:22  Siege Tank  
  49  14:30  SCV  
  50  14:38  Orbital Command  
  50  14:42  SCV  
  42  14:54  SCV  
  43  15:06  SCV  
  44  15:18  SCV  
  44  15:39  Widow Mine x3  
  50  15:45  SCV  
  51  15:53  Refinery  
  51  15:57  SCV, Orbital Command  
  52  16:04  Supply Depot  
  52  16:09  SCV  
  53  16:13  Widow Mine x3  
  51  16:21  SCV  
  37  16:33  SCV  
  34  16:44  Drilling Claws  
  32  16:51  Widow Mine x3  
  32  16:52  SCV  
  39  17:01  SCV  
  39  17:05  SCV  
  41  17:13  SCV  
  42  17:17  SCV  
  43  17:25  SCV  
  43  17:27  Widow Mine x2  
  43  17:28  Widow Mine  
  43  17:29  SCV  
  50  17:37  SCV  
  50  17:41  SCV  
  52  17:50  SCV  
  33  18:02  SCV  
Show
View Real Time Build Order
Export as new Build Order

IagoAbreu Zerg - Winner!

Build Orders: Pool First 

Get SALT Encoding   

  12  0:01  Drone  
  13  0:13  Overlord  
  13  0:31  Spawning Pool  
  12  0:36  Drone  
  12  0:39  Drone  
  14  0:44  Drone  
  15  1:10  Hatchery  
  14  1:17  Drone  
  14  1:18  Drone  
  16  1:20  Drone  
  17  1:33  Queen  
  17  1:36  Drone  
  20  1:42  Drone  
  21  1:50  Evolution Chamber  
  20  1:55  Extractor  
  19  2:06  Zergling x4  
  21  2:21  Queen  
  23  2:24  Drone  
  24  2:34  Zergling x4  
  26  3:06  Drone  
  26  3:07  Drone  
  26  3:08  Overlord x2  
  26  3:09  Overlord x2  
  28  3:16  Lair  
  28  3:27  Zergling x4  
  28  3:28  Zergling x8  
  34  3:49  Hatchery  
  33  4:04  Drone  
  33  4:05  Drone  
  33  4:09  Zergling x6  
  38  4:12  Drone  
  38  4:13  Drone x4  
  38  4:16  Drone  
  44  4:24  Pneumatized Carapace  
  44  5:02  Metabolic Boost  
  44  5:09  Zergling x10  
  44  5:10  Zergling x12  
  53  5:51  Queen  
  55  5:57  Zerg Melee Weapons Level 1  
  44  6:13  Zergling x10  
  44  6:14  Zergling x14  
  44  6:17  Burrow  
  52  6:43  Zergling x12  
  52  6:44  Zergling x8  
  55  7:05  Hydralisk Den  
  54  7:13  Extractor  
  53  7:18  Extractor  
  53  7:21  Extractor  
  53  7:22  Drone  
  52  7:23  Drone x7  
  52  7:24  Drone x3  
  62  7:50  Drone  
  62  7:51  Drone x3  
  66  7:53  Overlord x4  
  66  8:17  Grooved Spines  
  66  8:18  Zerg Melee Weapons Level 2  
  66  8:31  Hydralisk x4  
  66  8:32  Hydralisk x2  
  70  9:29  Hydralisk x7  
  70  9:30  Hydralisk  
  86  9:31  Hydralisk x4  
  86  9:32  Hydralisk  
  83  10:15  Hydralisk x2  
  83  10:16  Hydralisk x5  
  83  10:18  Overlord x2  
  83  10:19  Overlord x2  
  83  10:20  Overlord x3  
  97  10:50  Overseer  
  97  11:43  Zerg Missile Weapons Level 1  
  90  12:19  Zergling x8  
  90  12:20  Zergling x14  
  90  12:21  Zergling x12  
  90  12:22  Zergling x8  
  109  12:32  Hydralisk x4  
  103  13:17  Spire  
  102  13:23  Lurker Den  
  87  13:54  Zergling x4  
  87  13:55  Zergling x14  
  82  13:56  Zergling x12  
  82  13:57  Zergling x6  
  52  14:45  Hatchery  
  42  15:00  Mutalisk x6  
  42  15:01  Mutalisk x7  
  42  15:02  Mutalisk x5  
  42  15:06  Zerg Flyer Weapons Level 1  
  77  15:47  Hydralisk x4  
  77  15:48  Hydralisk x6  
  77  15:49  Hydralisk x6  
  103  15:50  Hydralisk x2  
  115  15:59  Queen  
  115  16:02  Drone  
  92  16:35  Lurker  
  92  16:36  Lurker x5  
  92  16:39  Lurker  
  87  16:48  Zergling x14  
  87  16:49  Zergling x12  
  87  16:50  Zergling x2  
  101  16:55  Drone x3  
  104  17:34  Extractor  
  104  17:35  Extractor  
  84  18:03  Zergling x4  
  84  18:04  Zergling x12  
  84  18:05  Zergling x12  
  89  18:06  Zergling x8  
Tags
 
Composition
MMM Bio
Matchup
TvZ
Opening
Pool First
Spawn Locations
Cross Positions
Add a new tag
Caveats
  • Supply blocks, unpowered buildings, or Contaminate may cause inaccurate times.
  • Supply counts are checked every 10 seconds.